← All builds
Geo sea / Legion / Economy first / OBSERVED BUILD

Standard geo sea

Baseline cove-side sea play: bot lab then shipyard in the cove around 3:06, first Syracusia by 5:04, geothermal on time around 7:42 and an Advanced Metal Extractor to build up eco, transitioning into more Syracusia and Argonaut over the…

Usually shipyard in the cove (95%) · geo on time (86%)

#naval #eco · 21 distinct matches · 10 players · 44% of Legion Geo sea games · team won 43% of 21 · Recently observed

HOW TO PLAY IT

Key timing: First Syracusia by 5:18

  1. Take 3 mex and open into wind while starting the bot lab.
  2. Rush the bot lab finish for early defense on the coast.
  3. Get the shipyard up to start frigate production.
  4. Push the first Syracusia frigate out for sea control.
  5. Layer geothermal and advanced mex, then keep feeding the Syracusia navy.

Phase by phase

TYPICAL OF ITS 21 GAMES · AGAINST STANDARD GEO SEA
  1. 1
  2. 2
  3. 3
  4. 4
PLAY THE OPENING

Follow the example game's first 6:00 step by step: what to build now, what comes next, and where it goes. At 1× it keeps pace with your own game.

  1. 1

    Up to the Legion Bot Lab

    Economy
    • Metal Extractor3Mex
    Order
    1. Legion Bot LabLegion Bot Lab after 3 mexdone ~1:07, middle half 0:57–1:16

    Some games also: solar (48%) · wind (48%)

    The standard build makes here, this one skips: 3 wind

    By 0:50 in all: 3 mex

    The example game in this phase · 3 steps
    1. Mex ×3
    2. Solar ×2
    3. Legion Bot LabLegion Bot Labdone 1:07 · typical 1:07
  2. 2

    Legion Bot Lab to Shipyard

    Economy
    • Metal Extractor1Mex
    Order
    1. ShipyardShipyard after 4 mex, 3 wind, 1 solardone ~2:54, middle half 2:34–3:33
    Builders
    • Zagreus3 Zagreus
    • Legion Construction Bot3 Legion Construction Bot

    Some games also: wind (48%) · con turret (38%)

    The standard build makes here, this one skips: 3 wind

    By 2:33 in all: 4 mex · 3 wind (standard 5) · 1 solar

    The example game in this phase · 5 steps
    1. ZagreusZagreus
    2. Legion Construction BotLegion Construction Bot ×2
    3. ZagreusZagreus
    4. Legion Construction BotLegion Construction Bot
    5. ShipyardShipyarddone 2:27 · typical 2:54
  3. 3

    Shipyard to 5:00

    Economy
    • Metal Extractor5Mex
    • Wind Turbine2Wind
    Builders
    • Construction Ship1 Con ship
    Army
    • Pharos1 Pharos
    • Argonaut2 Argonaut
    • Syracusia1 Syracusia

    Some games also: con turret (48%) · converter (43%) · Legion Drone (38%) · Radar Tower (38%) · Hippocampus (38%)

    The standard build makes here, this one skips: 2 converter · 2 Radar Tower

    By 5:00 in all: 8 mex · 4 wind (standard 8) · 1 solar · 1 energy storage · 1 con turret

    The example game in this phase · 17 steps
    1. ZagreusZagreus
    2. Construction ShipCon ship
    3. Legion Construction BotLegion Construction Bot
    4. Mex
    5. ArgonautArgonaut ×2
    6. Wind
    7. Mex
    8. ArgonautArgonaut
    9. Wind ×3
    10. Con turret
    11. Mex
    12. ArgonautArgonaut
    13. Mex
    14. PharosPharos
    15. SyracusiaSyracusiadone 5:23 · typical 5:07
    16. PharosPharos
    17. Mex
  4. 4

    5:00 to 10:00

    Economy
    • Metal Extractor1Mex−2 vs standard
    • Wind Turbine14Wind
    • Energy Converter3Converter+3 vs standard
    • Energy Storage1Energy storage
    Order
    1. Geothermal PowerplantGeo after 9 mex, 8 wind, 3 converter
    Builders
    • Construction Turret2 Con turret
    • Dionysus1 Dionysus
    Army
    • Pharos1 Pharos −2 vs standard
    • Legion Drone10 Legion Drone

    Some games also: con ship (43%)

    The standard build makes here, this one skips: 2 Bramble

    By 10:00 in all: 9 mex · 18 wind · 1 solar · 1 geo · 5 converter · 1 energy storage

    The example game in this phase · 140 steps
    1. Wind ×2
    2. Legion DroneLegion Drone
    3. KeteaSubmarine
    4. Wind ×2
    5. Legion DroneLegion Drone
    6. KeteaSubmarine
    7. Wind
    8. Geothermal PowerplantGeodone 7:42 · typical 7:33
    9. SthenoStheno
    10. IapetusIapetus
    11. Wind
    12. Converter
    13. Wind
    14. DionysusDionysus
    15. Wind
    16. Con turret
    17. Mex
    18. Converter
    19. SthenoStheno
    20. Legion DroneLegion Drone
    21. Wind
    22. SyracusiaSyracusia
    23. Wind
    24. Converter
    25. Wind
    26. PharosPharos
    27. Wind
    28. Energy storage
    29. Converter
    30. Radar TowerRadar Tower
    31. Legion DroneLegion Drone
    32. Wind
    33. SyracusiaSyracusia
    34. Legion DroneLegion Drone
    35. Wind
    36. Converter
    37. Wind ×2
    38. Legion DroneLegion Drone
    39. Advanced Metal ExtractorT2 mexdone 10:34 · typical 9:04
    40. Converter
    41. Legion DroneLegion Drone
    42. Wind
    43. Converter
    44. Wind
    45. Legion DroneLegion Drone ×2
    46. SyracusiaSyracusia
    47. Converter
    48. Naval Radar / Sonar TowerNaval Radar / Sonar Tower
    49. Wind
    50. Converter
    51. Wind
    52. Converter
    53. Legion DroneLegion Drone ×3
    54. Wind
    55. Converter
    56. Wind
    57. Converter
    58. Legion DroneLegion Drone ×2
    59. Wind
    60. Converter
    61. Legion DroneLegion Drone
    62. SyracusiaSyracusia
    63. Wind
    64. Legion DroneLegion Drone
    65. Wind
    66. Converter
    67. Legion DroneLegion Drone ×2
    68. Converter
    69. Advanced Metal ExtractorT2 mex
    70. Converter
    71. Wind
    72. Converter
    73. Legion DroneLegion Drone
    74. SyracusiaSyracusia
    75. Wind
    76. Converter
    77. Wind ×2
    78. Converter
    79. Legion DroneLegion Drone
    80. Wind
    81. Advanced Metal ExtractorT2 mex
    82. Converter
    83. Wind
    84. Legion DroneLegion Drone
    85. SyracusiaSyracusia
    86. Legion DroneLegion Drone ×5
    87. ArgonautArgonaut
    88. Wind
    89. Legion DroneLegion Drone
    90. ArgonautArgonaut
    91. Legion DroneLegion Drone
    92. Wind
    93. Advanced Metal ExtractorT2 mex
    94. Legion DroneLegion Drone ×2
    95. Naval Construction Turret
    96. Legion DroneLegion Drone ×3
    97. Naval Construction Turret
    98. ArgonautArgonaut
    99. Legion DroneLegion Drone ×2
    100. Wind
    101. Legion DroneLegion Drone
    102. IapetusIapetus
    103. Legion DroneLegion Drone
    104. Wind
    105. Naval Construction Turret
    106. IapetusIapetus
    107. Legion DroneLegion Drone
    108. Wind
    109. Naval Construction Turret
    110. IapetusIapetus
    111. Wind
    112. Advanced Metal ExtractorT2 mex
    113. DionysusDionysus
    114. Wind
    115. DionysusDionysus
    116. Wind
    117. DionysusDionysus
    118. Wind
    119. DionysusDionysus
    120. Wind
    121. SyracusiaSyracusia
    122. Advanced Metal ExtractorT2 mex
    123. Wind
    124. Mex
    125. Legion DroneLegion Drone
    126. SyracusiaSyracusia
    127. Legion DroneLegion Drone ×4
    128. Naval Radar / Sonar TowerNaval Radar / Sonar Tower
    129. PharosPharos
    130. Legion DroneLegion Drone
    131. Wind
    132. PharosPharos ×2
    133. Legion DroneLegion Drone ×4
    134. PharosPharos
    135. Legion DroneLegion Drone ×2
    136. Naval Radar / Sonar TowerNaval Radar / Sonar Tower
    137. CacophonyCacophony
    138. Wind
    139. Legion DroneLegion Drone ×4
    140. PharosPharos

Counts are medians over the build's games: half of them build more, half fewer. The example game is KingBenjai's (44 OS, 30/08/2026); pick another.

Team trades

IN AT LEAST 30% OF ITS GAMES

You hand over

  • Wind Turbine2 Wind to Airfirst at 1:41 · in 57% of games

You get

  • Finch1 Finch from Airfirst at 1:49 · in 52% of games
  • Hercules1 Light transport from Airfirst at 2:03 · in 33% of games
  • Advanced Construction Bot1 T2 con bot from Techfirst at 7:28 · in 71% of games

How it plays out

Typical game of this build, running totals by minute

Metal produced

010k20k30k
0:005:0010:0015:00

metal

Enemy metal destroyed

05k10k
0:005:0010:0015:00

metal

Own metal lost

02k4k
0:005:0010:0015:00

metal

21 games.

Show as table
ByMetal produced: This buildEnemy metal destroyed: This buildOwn metal lost: This build
1:0039500
2:0092700
3:00162700
4:0028655151
5:00401419052
6:005343540102
7:006793620170
8:0084071441320
9:00102921704417
10:001223924351056
11:001491332351780
12:001794336352261
13:002024852952375
14:002356863333776
15:002741389533776
WHAT THE NUMBERS SAY

Standard geo sea sits near an even split on wins while destroying more metal than it loses by 15:00, typical for a contested sea role.

  • + Enemy metal destroyed reaches 7775 by 15:00 against 4863 lost.
  • + Syracusia dominates army composition at 43%, showing a clear naval focus.
  • − Team win rate is only 47%, essentially a coin flip.
  • − T2 factory only completes in 32% of games, so tech transition often stalls.
THE EXAMPLE YOU ARE READING

KingBenjai

44.3 OS · 30/08/2026

Open source match ↗

4 received units · includes a constructor
949 metal received · 24757 energy received

Allied construction assistance is unknown. Timings are observations, not a promise of solo reproducibility.

Typical milestones

Legion Bot Lab1:07Middle 50%: 0:57–1:16 · n=21
Shipyard2:54Middle 50%: 2:34–3:33 · n=21
Syracusia5:07Middle 50%: 4:38–5:43 · n=21
Geothermal Powerplant7:33Middle 50%: 6:54–9:48 · n=21
Advanced Metal Extractor9:04Middle 50%: 8:36–9:27 · n=14

Played most by

KingBenjai9games of this buildHighlyRegarded2games of this buildPRO_Rerory2games of this buildRysica2games of this buildarmjanus1game of this build